 Dungeon Crawl Stone Soup version 0.19.5 (webtiles) character file.

121 Peloso the Covered (level 4, -7/40 HPs)
             Began as a Minotaur Fighter on Apr 8, 2017.
             Killed by nerve-wracking pain
             ... invoked by Grinder
              (14 damage)
             ... on level 3 of the Dungeon.
             The game lasted 00:03:05 (1903 turns).

Peloso the Covered (Minotaur Fighter)               Turns: 1903, Time: 00:03:06

Health: -7/40      AC:  7    Str: 25    XL:     4   Next: 76%
Magic:  3/3        EV:  8    Int:  5    God:
Gold:   83         SH: 10    Dex: 11    Spells: 0 memorised, 3 levels left

rFire  . . .     SeeInvis .     a - +0 long sword
rCold  . . .     Gourm    .     b - +0 scale mail
rNeg   . . .     Faith    .     c - +0 shield
rPois  .         Spirit   .     (helmet restricted)
rElec  .         Reflect  .     (no cloak)
rCorr  .         Harm     .     (no gloves)
MR     .....                    (no boots)
Stlth  ..........               (no amulet)
                                (no ring)
                                (no ring)

@: mighty
A: retaliatory headbutt, horns 2
a: no special abilities


You were on level 3 of the Dungeon.
You were not hungry.

You visited 1 branch of the dungeon, and saw 3 of its levels.

You collected 83 gold pieces.

Inventory:

Hand Weapons
 a - a +0 long sword (weapon)
Armour
 b - a +0 scale mail (worn)
 c - a +0 shield (worn)
Scrolls
 e - 3 scrolls of remove curse {unknown}
 g - 4 scrolls of identify {unknown}
 k - a scroll of fog {unknown}
 l - a scroll of immolation {unknown}
 p - a scroll of enchant weapon {unknown}
 r - a scroll of teleportation {unknown}
Potions
 d - 2 potions of might
 h - 3 potions of curing {unknown}
 i - 2 potions of haste {unknown}
 j - 2 potions of agility {unknown}
 m - a potion of heal wounds {unknown}
 n - a potion of brilliance {unknown}
Comestibles
 f - 3 bread rations
 o - a meat ration
 q - a beef jerky
 s - 5 chunks of flesh


   Skills:
 + Level 4.3 Fighting
 + Level 3.5 Long Blades
 + Level 4.7 Armour
 + Level 0.7 Dodging
 + Level 0.1 Stealth
 + Level 4.4 Shields


You had 3 spell levels left.
You didn't know any spells.

Dungeon Overview and Level Annotations

Branches:
Dungeon (3/15)

Altars:
Fedhas
Zin

Annotations:
D:3 Grinder


Innate Abilities, Weirdness & Mutations

You reflexively headbutt those who attack you in melee.
You have a pair of horns on your head.


Message History

You hit Grinder but do no damage. Your headbutt misses Grinder.
Grinder is moderately wounded.
Grinder gestures at you.
You suddenly lose the ability to move!
Grinder hits you but does no damage. Grinder gestures at you.
Pain shoots through your body!
* * * LOW HITPOINT WARNING * * *
You can move again.
You hit Grinder but do no damage. Your headbutt misses Grinder.
Grinder is moderately wounded.
Grinder hits you but does no damage.
Unknown command.
You feel very mighty all of a sudden. You block Grinder's attack.
You closely miss Grinder.
Grinder is moderately wounded.
Grinder gestures at you. Pain shoots through your body!
You die...

........##.# #..#
...........# #..#
..########.# #>.#
#.......##.####..#
.......[..)......#
#######.##)#####.#
#.##.# #(# #.##.#
#5# ##.##.# #@#
.....# #)# #. #.####
... #. ##.## .....
#.##.#.## .......
#.#.###.###........
#....###.##.>.......
#..#.#
##.#.......###
#....###.##


You could see Grinder.

Vanquished Creatures
  An orc wizard (D:3)
  Terence (D:3)
  2 adders (D:3)
  A leopard gecko (D:3)
  4 orcs (D:3)
  A ball python (D:3)
  3 bats
  A giant cockroach (D:1)
  5 goblins
  7 hobgoblins
  4 jackals (D:2)
  5 kobolds
  4 frilled lizards
  3 rats
42 creatures vanquished.

Notes
Turn   | Place    | Note
-------+----------+-------------------------------------------
     0 | D:1      | Peloso the Minotaur Fighter began the quest for the Orb.
     0 | D:1      | Reached XP level 1. HP: 19/19 MP: 0/0
   173 | D:1      | Reached XP level 2. HP: 23/27 MP: 1/1
   849 | D:2      | Found a blossoming altar of Fedhas.
  1190 | D:2      | Reached XP level 3. HP: 32/33 MP: 2/2
  1423 | D:3      | Noticed Terence
  1440 | D:3      | Killed Terence
  1658 | D:3      | Found a glowing silver altar of Zin.
  1711 | D:3      | Reached XP level 4. HP: 36/40 MP: 3/3
  1884 | D:3      | Noticed Grinder
  1889 | D:3      | Paralysed by Grinder for 5 turns
  1898 | D:3      | Paralysed by Grinder for 3 turns
  1903 | D:3      | Killed from afar by Grinder

Skill      XL: |  1  2  3 |
---------------+----------+-----
Armour         | 4 |  4.7
Shields        | 4 |  4.4
Fighting       | 4 |  4.3
Long Blades    | 3 |  3.5
Dodging        | |  0.7
Stealth        | |  0.1

Action                   |  1- 3 |  4- 6 || total
-------------------------+-------+-------++-------
Melee: Long sword        |    88 |    30 ||   118
       Headbutt          |    10 |     4 ||    14
  Use: Potion            |       |     1 ||     1
  Eat: Chunk             |     3 |       ||     3
Armor: Scale mail        |    47 |    12 ||    59
Dodge: Dodged            |    37 |     4 ||    41
Block: Shield            |    54 |    12 ||    66
       Rpst.: Long sword |     8 |       ||     8
